 Dungeon Crawl Stone Soup version 0.29.1-12-g30fa7ad0bf (webtiles) character file.

Game seed: 15252859538905245235

36 hawla the Firebug (level 3, -6/26 HPs)
             Began as a Meteoran Fire Elementalist on Jan 10, 2023.
             Mangled by Edmund
             ... wielding a +5 flail of protection
              (11 damage)
             ... on level 4 of the Dungeon.
             The game lasted 00:02:04 (337 turns).

hawla the Firebug (Meteoran Fire Elementalist)       Turns: 337, Time: 00:02:05

Health: -6/26      AC:  2    Str:  9    XL:     3   Next: 82%
Magic:  17/17      EV:  9    Int: 19    God:
Gold:   76         SH:  0    Dex: 14    Spells: 5/8 levels left

rFire   . . .      SeeInvis .   (no weapon)
rCold   . . .      Faith    .   (no shield)
rNeg    . . .      Spirit   .   a - +0 robe
rPois   .          Reflect  .   (no helmet)
rElec   .          Harm     .   (no cloak)
rCorr   .          Rampage  .   (no gloves)
Will    .....                   (no boots)
Stlth   +.........              (no amulet)
HPRegen 0.08/turn               d - ring of magical power
MPRegen 0.15/turn               (no ring)

@: grasped by roots, glowing, constricted
A: sense surroundings 1, otherworldly, glowing, explore regen
a: no special abilities


You were on level 4 of the Dungeon.
You visited 1 branch of the dungeon, and saw 4 of its levels.

You collected 76 gold pieces.

Inventory:

Armour
 a - a +0 robe (worn)
Jewellery
 d - a ring of magical power (left hand)
Potions
 e - a potion of lignification {unknown}
 f - a potion of mutation {unknown}


   Skills:
 + Level 0.2 Fighting
 + Level 2.5 Dodging
 - Level 1.4 Stealth
 + Level 3.3 Spellcasting
 + Level 1.5 Conjurations
 + Level 4.6 Fire Magic


You had 5 spell levels left.
You knew the following spells:

 Your Spells              Type           Power      Damage    Failure   Level
a - Foxfire               Conj/Fire      56%        2x1d6     4%          1
b - Scorch                Fire           40%        2d7       3%          2

Your spell library contained the following spells:

 Spells                   Type           Power      Damage    Failure   Level
 Conjure Flame            Conj/Fire      14%        6-21      12%         3
 Inner Flame              Hex/Fire       12%        N/A       17%         3
 Flame Wave               Conj/Fire      14%        2d6       38%         4


Dungeon Overview and Level Annotations

Branches:
Dungeon (4/15) Zot: 2063
 Temple: D:4-7

Altars:

Annotations:
D:4 Edmund


Innate Abilities, Weirdness & Mutations

You passively map a small area around you.
You are easily found by Zot.
You glow in the dark.
You regain HP and MP as you explore.


Message History

Casting: Scorch (safe; 3% risk of failure)
Confirm with . or Enter, or press ? or * to list all spells.
You conjure some foxfire!
The grasping roots constrict you!
The grasping roots release their grip on you.
Casting: Foxfire (safe; 4% risk of failure)
Confirm with . or Enter, or press ? or * to list all spells.
Flames lash Edmund.
Edmund is burned terribly!
Edmund is heavily wounded.
The foxfire hits Edmund but does no damage.
Edmund is heavily wounded.
The foxfire hits Edmund but does no damage.
Edmund is heavily wounded.
Edmund hits you with a +5 flail of protection.
You aren't carrying any scrolls.
It was a potion of curing.
You feel better. Edmund closely misses you.
Casting: Scorch (safe; 3% risk of failure)
Confirm with . or Enter, or press ? or * to list all spells.
Flames lash Edmund.
Edmund is burned terribly!
Edmund is severely wounded.
Edmund barely misses you.
Casting: Scorch (safe; 3% risk of failure)
Confirm with . or Enter, or press ? or * to list all spells.
Flames lash Edmund but do no damage.
Edmund zaps a wand.
The roots erupt in riotous growth!
The grasping roots grab you!
Edmund is unaffected.
The grasping roots constrict you.
You hear a shout! x2
Casting: Scorch (safe; 3% risk of failure)
Confirm with . or Enter, or press ? or * to list all spells.
You conjure some foxfire!
Edmund hits you with a +5 flail of protection.
The grasping roots constrict you.
* * * LOW HITPOINT WARNING * * *
Magic courses through your body.
The foxfire hits Edmund.
Edmund is burned terribly!
Edmund is almost dead.
The foxfire hits Edmund but does no damage.
Edmund is almost dead.
Edmund hits you with a +5 flail of protection!
You die...

##.#
#<####.#
#.#
#......#
*#+#
######.#
#.# * *
##.# *,
##..#
####...## +
,
+.....ยงยง#
####..@## *
,
*#....@...#
*,
#.###.##.#
#. #.# # *
# #.# #.# ,
#.# ,* ,
... * * * *


You could see Edmund (combustible).

Vanquished Creatures
  2 adders (D:4)
  A worm (D:2)
  A dart slug (D:3)
  2 goblins
  A hobgoblin (D:3)
  A kobold (D:3)
  A quokka (D:2)
  2 ball pythons
  3 bats
  A frilled lizard (D:2)
15 creatures vanquished.

Vanquished Creatures (others)
  42 foxfires
42 creatures vanquished.

Grand Total: 57 creatures vanquished

Notes
Turn   | Place    | Note
-------+----------+-------------------------------------------
     0 | D:1      | hawla the Meteoran Fire Elementalist began the quest for
                  | the Orb.
     0 | D:1      | Reached XP level 1. HP: 14/14 MP: 5/5
    89 | D:2      | Reached skill level 4 in Fire Magic
    89 | D:2      | Reached XP level 2. HP: 20/20 MP: 0/6
    92 | D:2      | Learned a level 2 spell: Scorch
   229 | D:3      | Reached XP level 3. HP: 26/26 MP: 8/8
   324 | D:4      | Noticed Edmund
   337 | D:4      | Mangled by Edmund

Illustrated notes

Levels and vault maps discovered:
D:1:      minmay_arrival_three_doors, layout_loops_ring,
          hellmonk_ecumenical_altar_zigzags
D:2:      kb_forest_paths, layout_basic, kennysheep_flooded_box
D:3:      layout_loops_corners
D:4:      layout_loops_corners, gammafunk_ghost_mausoleum, minmay_crystal_room,
          uniq_edmund, uniq_sigmund, uniq_robin, uniq_blork_the_orc

Skill      XL: |  1  2 |
---------------+-------+-----
Fire Magic     | 4 |  4.6
Spellcasting   | 3 |  3.3
Fighting       | |  0.2
Dodging        | |  2.5
Stealth        | |  1.4
Conjurations   | |  1.5

Action                   || total
-------------------------++-------
Melee: Unarmed           ||     2
 Cast: Foxfire           ||    24
       Scorch            ||     9
  Use: Potion            ||     2
Armor: Robe              ||     1
Dodge: Dodged            ||     2
